 Dungeon Crawl Stone Soup version 0.15-a0-60-g2d7d1c5 (webtiles) character file.

1992 4tharraofdagon the Slicer (level 9, -4/60 HPs)
             Began as a Halfling Wanderer on Apr 6, 2014.
             Was an Initiate of Cheibriados.
             Slain by an iguana (7 damage)
             ... on Level 8 of the Dungeon.
             The game lasted 00:19:15 (3424 turns).

4tharraofdagon the Slicer (Halfling Wanderer)       Turns: 3424, Time: 00:19:16

HP  -4/60        AC  8     Str 10      XL: 9   Next: 19%
MP  17/17        EV  9     Int 15      God: Cheibriados [......]
Gold 346         SH  0     Dex 18      Spells:  0 memorised, 13 levels left

rFire  . . .     SeeInvis .     b - +2 blowgun
rCold  . . .     Clarity  .     A - +0 scale mail (curse)
rNeg   . . .     Conserve .     (no shield)
rPois  .         rCorr    .     n - +0 helmet
rElec  .         rRot     .     (no cloak)
SustAb . .       Spirit   .     (no gloves)
rMut   .         Warding  .     d - +0 pair of boots
Saprov . . .     Stasis   .     (no amulet)
MR     .....                    (no ring)
                                (no ring)

@: about to teleport, drained, very slow, not resistant to hostile enchantments,
extremely unstealthy
A: mutation resistance 1, slow metabolism 1
a: Bend Time, Renounce Religion


You were on level 8 of the Dungeon.
You worshipped Cheibriados.
Cheibriados was noncommittal.
You were not hungry.

You visited 1 branch of the dungeon, and saw 8 of its levels.
You also visited: Sewer and Ossuary.

You collected 456 gold pieces.
You spent 110 gold pieces at shops.

Inventory:

Hand weapons
 b - a +2 blowgun (weapon)
 k - a +1,+2 dagger of venom
Missiles
 a - 13 curare-tipped needles
 c - 5 poisoned needles (quivered)
 g - 2 tomahawks
 l - 16 poisoned sling bullets
 r - 10 darts
 s - 2 throwing nets
Armour
 d - a +0 pair of boots (worn)
 n - a +0 helmet (worn)
 A - a cursed +0 scale mail (worn)
 C - a cursed +0 pair of boots
Magical devices
 e - a wand of teleportation (2)
Comestibles
 f - 8 bread rations
 m - 3 meat rations
 z - a chunk of worm flesh
Scrolls
 h - a scroll of summoning {unknown}
 i - 7 scrolls of remove curse {unknown}
 j - 4 scrolls of fear {unknown}
 p - a scroll of enchant armour {unknown}
 q - a scroll of teleportation
 v - a scroll of magic mapping {unknown}
 w - a scroll of enchant weapon I
 y - 2 scrolls of enchant weapon II
 E - 3 scrolls of noise
 I - 2 scrolls of fog {unknown}
 K - a scroll of amnesia {unknown}
 M - 2 scrolls of immolation {unknown}
 O - a scroll of recharging {unknown}
 Q - 2 scrolls of blinking {unknown}
Jewellery
 G - an uncursed amulet of resist mutation {unknown}
Potions
 o - a potion of resistance
 t - a potion of mutation {unknown}
 u - a potion of confusion
 x - 3 potions of might
 B - 2 potions of poison
 D - a potion of heal wounds
 L - 3 potions of curing
 N - a potion of blood
 P - a potion of flight
Books
 F - a book of Fire

   Spells                             Type                      Level
   Fire Brand                         Charms/Fire                  2
   Ignite Poison                      Fire/Transmutation           5
   Fireball                           Conjuration/Fire             5
   Bolt of Fire                       Conjuration/Fire             6
   Delayed Fireball                   Conjuration/Fire             7
   Ring of Flames                     Charms/Fire                  7
 J - a book of the Sky

   Spells                             Type                      Level
   Flight                             Charms/Air                   3
   Airstrike                          Air                          4
   Silence                            Hexes/Air                    5
   Deflect Missiles                   Charms/Air                   6
   Conjure Ball Lightning             Conjuration/Air              6
   Tornado                            Air                          9
Magical staves
 H - a cursed staff of wizardry


   Skills:
 + Level 4.9(4.3) Fighting
 * Level 9.4(8.7) Short Blades
 - Level 1.7(1.2) Staves
 - Level 1.3(0.8) Throwing
 + Level 6.1(5.5) Dodging
   Level 1.1(0.6) Shields
 + Level 2.8(2.2) Spellcasting
   Level 1.5(1.0) Conjurations
 + Level 0.9(0.4) Invocations


You had 13 spell levels left.
You didn't know any spells.

Dungeon Overview and Level Annotations

Branches:
Dungeon (8/15)             Temple (0/1) D:7            Lair (0/8) D:8

Altars:
Cheibriados
Nemelex Xobeh
Vehumet
Yredelemnul

Shops:
D:4 (   D:5 ?

Annotations:
D:5 exclusion: statue
D:8 hunterx7d's ghost, experienced DrTm


Innate Abilities, Weirdness & Mutations

You are small and have problems with some larger weapons.
You are somewhat resistant to further mutation.
You have a slow metabolism.


Message History

Firing (i - inventory. (,) - cycle):
c - 7 poisoned needles (quivered)
Press: ? - help, Shift-Dir - straight line, f/p - troll
Aim: a troll (poisoned)
You shoot a poisoned needle. The poisoned needle hits the troll.
The troll looks even sicker.
The iguana closely misses you.
Firing (i - inventory. (,) - cycle):
c - 6 poisoned needles (quivered)
Press: ? - help, Shift-Dir - straight line, f/p - troll
Aim: a troll (poisoned)
You shoot a poisoned needle. The poisoned needle hits the troll.
The iguana bites you!
Quiver which item? (- for none, * to show all) (? for menu, Esc to quit)
Okay, then.
Read which item? (? for menu, Esc to quit)
As you read the scroll of teleportation, it crumbles to dust.
You feel strangely unstable. The troll bites you!
* * * LOW HITPOINT WARNING * * *
The troll claws you!
* * * LOW HITPOINT WARNING * * *
The troll misses you. The iguana bites you!
You die...

..[ .........
..........(
#............
...............
...............
...............
........l........
...
...(.((T@.......!
#...
.................
#...
...............
###...
...............
......
...............
......
.............
.......
...........
#..... .........
#..... ... #.....


You could see a troll and an iguana.

Vanquished Creatures
  An item mimic (Ossuary)
  A hungry ghost (D:7)
  A water moccasin (D:7)
  3 ogres
  3 giant frogs (D:6)
  A giant slug (Sewer)
  A scorpion (D:4)
  A big fish (D:6)
  An orc priest (D:7)
  A hound (D:7)
  A giant frog skeleton (D:5)
  2 orc wizards
  3 iguanas
  4 worker ants
  3 mummies (Ossuary)
  5 adders
  An orc skeleton (D:5)
  An inept feature mimic (D:5)
  3 worms
  2 adder zombies (Ossuary)
  An iguana skeleton (D:5)
  5 giant eyeballs
  2 giant geckos
  An ooze (D:6)
  10 orcs
  A ball python (D:1)
  A bat skeleton (D:6)
  3 giant cockroaches
  8 goblins
  8 hobgoblins
  10 jackals
  8 kobolds
  2 quokkas
  12 bats
  3 giant newts
  A goblin skeleton (D:4)
  4 goblin zombies (Ossuary)
  A hobgoblin skeleton (D:4)
  2 hobgoblin zombies (Ossuary)
  A jackal skeleton (D:7)
  A kobold zombie (Ossuary)
  5 quokka zombies (Ossuary)
  7 rats
  4 rat zombies (Ossuary)
140 creatures vanquished.

Notes
Turn   | Place    | Note
--------------------------------------------------------------
     0 | D:1      | 4tharraofdagon, the Halfling Wanderer, began the quest for the Orb.
     0 | D:1      | Reached XP level 1. HP: 14/14 MP: 3/3
   306 | D:1      | Reached skill level 1 in Short Blades
   306 | D:1      | Reached XP level 2. HP: 19/19 MP: 4/4
   518 | D:3      | Reached skill level 2 in Fighting
   562 | D:3      | Reached XP level 3. HP: 11/24 MP: 5/5
   901 | D:2      | Reached XP level 4. HP: 25/29 MP: 6/6
   979 | D:2      | Reached skill level 3 in Short Blades
  1048 | D:3      | Noticed a phantom
  1205 | D:4      | Found Skeomef's Weapon Shoppe.
  1210 | D:4      | Noticed a human
  1238 | D:5      | Entered Level 5 of the Dungeon
  1254 | D:5      | Found Udghemp's Magic Scroll Shoppe.
  1262 | D:5      | Bought a scroll of identify for 20 gold pieces
  1262 | D:5      | Bought a scroll of teleportation for 30 gold pieces
  1262 | D:5      | Bought a scroll of identify for 20 gold pieces
  1262 | D:5      | Bought a scroll of teleportation for 30 gold pieces
  1262 | D:5      | Bought a scroll of noise for 10 gold pieces
  1327 | D:5      | Reached XP level 5. HP: 22/35 MP: 8/8
  1357 | D:5      | Found a radiant altar of Vehumet.
  1357 | D:5      | Noticed a frost-covered statue
  1388 | D:5      | Noticed an ogre
  1404 | D:5      | Killed an ogre
  1404 | D:5      | Reached skill level 4 in Short Blades
  1447 | D:5      | Reached XP level 6. HP: 39/41 MP: 9/9
  1502 | D:4      | Reached skill level 5 in Short Blades
  1580 | D:4      | Found a basalt altar of Yredelemnul.
  1693 | D:4      | Noticed a phantom
  1766 | D:5      | Noticed an ogre
  1820 | D:5      | Killed an ogre
  1820 | D:5      | Reached skill level 6 in Short Blades
  1820 | D:5      | Reached XP level 7. HP: 17/46 MP: 10/10
  2036 | D:6      | Found a sparkling altar of Nemelex Xobeh.
  2051 | D:6      | Paralysed by a giant eyeball for 3 turns
  2107 | D:6      | Paralysed by a giant eyeball for 3 turns
  2244 | D:6      | Reached skill level 7 in Short Blades
  2331 | D:6      | Reached XP level 8. HP: 21/54 MP: 12/12
  2399 | D:6      | Found a glowing drain.
  2425 | Sewer    | Entered a sewer
  2492 | Sewer    | :(
  2516 | Sewer    | Reached skill level 5 in Dodging
  2781 | D:7      | Found a sand-covered staircase.
  2795 | Ossuary  | Entered an ossuary
  2943 | Ossuary  | Killed a potion mimic
  2943 | Ossuary  | Reached skill level 8 in Short Blades
  3011 | D:7      | Found a snail-covered altar of Cheibriados.
  3065 | D:7      | Reached skill level 9 in Short Blades
  3065 | D:7      | Reached XP level 9. HP: 17/59 MP: 17/17
  3141 | D:7      | Paralysed by a giant eyeball for 2 turns
  3148 | D:7      | Paralysed by a giant eyeball for 4 turns
  3158 | D:7      | 2much
  3180 | D:7      | Became a worshipper of Cheibriados the Contemplative
  3371 | D:7      | Found a staircase to the Ecumenical Temple.
  3374 | D:7      | :(
  3413 | D:8      | Noticed hunterx7d's ghost (experienced DrTm)
  3417 | D:8      | Found a staircase to the Lair.
  3417 | D:8      | Noticed a troll
  3424 | D:8      | HP: 3/60 [troll (11)]
  3424 | D:8      | Slain by an iguana

Action                   |  1- 3 |  4- 6 |  7- 9 || total
-------------------------+-------+-------+-------++-------
Melee: Dagger            |    93 |   131 |   333 ||   557
       Quarterstaff      |     4 |       |       ||     4
 Fire: Blowgun           |       |     8 |    22 ||    30
Throw: Tomahawk          |     1 |       |     5 ||     6
Evoke: Wand              |       |       |     1 ||     1
  Use: Potion            |     2 |     2 |     5 ||     9
       Scroll            |       |     8 |     5 ||    13
